 Dungeon Crawl Stone Soup version 0.30-a0-23-ge60ba3568b (webtiles) character file.

Game seed: 7844422406064257927

2457 Cedruin the Cleaver (level 9, -3/69 HPs)
             Began as a Demonspawn Gladiator on Aug 24, 2022.
             Was a Believer of Nemelex Xobeh.
             Killed from afar by a steam dragon (18 damage)
             ... with a ball of steam
             ... on level 7 of the Dungeon.
             The game lasted 00:07:48 (8027 turns).

Cedruin the Cleaver (Demonspawn Gladiator)          Turns: 8027, Time: 00:07:48

Health: -3/69      AC:  9    Str: 19    XL:     9   Next: 26%
Magic:  11/11      EV: 18    Int: 15    God:    Nemelex Xobeh [**....]
Gold:   634        SH: 11    Dex: 16    Spells: 8/8 levels left

rFire   . . .      SeeInvis .    a - +0 war axe
rCold   . . .      Faith    .    f - +0 buckler "Gekhausi" {Rampage +Blink}
rNeg    . . .      Spirit   .    l - +1 leather armour of Tonifix {rElec Str+3 Int+4}
rPois   .          Reflect  .    c - +1 helmet
rElec   +          Harm     .    (no cloak)
rCorr   .          Rampage  +    v - +0 pair of gloves
Will    .....                    b - +1 pair of boots
Stlth   +.........               t - amulet of the acrobat
HPRegen 0.21/turn                g - +4 ring of evasion
MPRegen 0.12/turn                (no ring)

@: no status effects
A: large bone plates 3, demonic guardian 2
a: Renounce Religion, Evoke Blink, Draw Escape, Draw Destruction, Draw Summoning


You were on level 7 of the Dungeon.
You worshipped Nemelex Xobeh.
Nemelex Xobeh was pleased with you.
You visited 2 branches of the dungeon, and saw 8 of its levels.
You also visited: Ossuary.

You collected 634 gold pieces.

Inventory:

Hand Weapons
 a - a +0 war axe (weapon)
Missiles
 d - 3 throwing nets (quivered)
 e - 6 javelins
Armour
 b - a +1 pair of boots (worn)
 c - a +1 helmet (worn)
 f - the +0 buckler "Gekhausi" (worn) {Rampage +Blink}
   (You acquired it on level 1 of the Dungeon)

   +Blink:    It lets you blink.
   Rampage:   It bestows one free step when moving towards enemies.
 l - the +1 leather armour of Tonifix (worn) {rElec Str+3 Int+4}
   (You took it off a goblin on level 2 of the Dungeon)

   Str:       It affects your strength (+3).
   Int:       It affects your intelligence (+4).
   rElec:     It insulates you from electricity.
 v - a +0 pair of gloves (worn)
Jewellery
 g - a +4 ring of evasion (left hand)
 t - an amulet of the acrobat (around neck)
Wands
 u - a wand of acid (7)
Scrolls
 k - 5 scrolls of teleportation
 p - 3 scrolls of enchant armour
 w - a scroll of fear
 x - a scroll of enchant weapon {unknown}
 y - a scroll of identify
 A - a scroll of immolation {unknown}
 B - a scroll of blinking {unknown}
 C - a scroll of vulnerability {unknown}
Potions
 h - a potion of berserk rage {unknown}
 i - 3 potions of magic
 j - a potion of attraction {unknown}
 m - 3 potions of mutation
 n - 2 potions of brilliance
 o - a potion of heal wounds
 q - a potion of might
 r - a potion of haste
 s - 6 potions of curing
 z - a potion of flight {unknown}


   Skills:
 + Level 6.3 Fighting
 * Level 8.3 Axes
 - Level 1.7 Throwing
 + Level 6.2 Dodging
 + Level 3.8 Invocations


You had 8 spell levels left.
You didn't know any spells.
Your spell library contained the following spells:

 Spells                   Type           Power      Damage    Failure   Level
 Freeze                   Ice            0%         1d3       41%         1
 Shock                    Conj/Air       0%         1d3       41%         1
 Summon Small Mammal      Summ           0%         N/A       41%         1
 Gell's Gravitas          Tloc           0%         N/A       80%         3
 Teleport Other           Tloc           0%         N/A       80%         3
 Dispersal                Tloc           0%         N/A       100%        6


Dungeon Overview and Level Annotations

Branches:
Dungeon (7/15)             Temple (1/1) D:5         Ossuary (visited)

Altars:
Ashenzari
Cheibriados
Dithmenos
Fedhas
Gozag
Hepliaklqana
Kikubaaqudgha
Makhleb
Nemelex Xobeh
Okawaru
Qazlal
Ru
Sif Muna
Trog
Uskayaw
Wu Jian
Xom
Yredelemnul

Shops:
D:4 =   D:5 :   D:6 *

Annotations:
D:5 2 runed translucent doors, voltaire321's ghost, novice KoSu


Innate Abilities, Weirdness & Mutations

You are completely covered in large bone plates. (SH +8)
A demonic guardian rushes to your aid.


Message History

You are too injured to fight recklessly!
You are too injured to fight recklessly!
You are too injured to fight recklessly!
You are too injured to fight recklessly!
You are too injured to fight recklessly!
You are too injured to fight recklessly!
You are too injured to fight recklessly!
You are too injured to fight recklessly!
You are too injured to fight recklessly!
You are too injured to fight recklessly!
You are too injured to fight recklessly!
You are too injured to fight recklessly!
You are too injured to fight recklessly!
You are too injured to fight recklessly!
You are too injured to fight recklessly!
You are too injured to fight recklessly!
Unknown command.
You hit the steam dragon but do no damage.
The steam dragon is moderately wounded.
You are engulfed in a cloud of scalding steam.
* * * LOW HITPOINT WARNING * * *
The steam dragon barely misses you. You block the steam dragon's attack.
You hit the steam dragon but do no damage.
The steam dragon is moderately wounded.
You block the steam dragon's attack.
The steam dragon claws you but does no damage.
You hit the steam dragon but do no damage.
The steam dragon is moderately wounded.
You block the steam dragon's attack. The steam dragon completely misses you.
Unknown command.
You slash the steam dragon!
The steam dragon is heavily wounded.
You block the steam dragon's attack. The steam dragon closely misses you.
Unknown command.
You closely miss the steam dragon.
The steam dragon is heavily wounded.
The steam dragon breathes steam at you. The ball of steam hits you!!
You die...
Your body glows slightly and disappears.

# # ############ #
#..........# #
#..........# ####
####..........# .#.#
...............#
##.#####........D......#
#.....#........@.?....#
##.....#.....##..##+####
##.....#.....##..##.#
##.#####............#
.....###.....###.####
.......'.....###ยง#
.#.#.#.#.....#.#.##
#.#.#.#.#.....#.#.# ###
.#(#.#.#.#...#.#.## #.#
###


You could see a steam dragon (catching breath).

Vanquished Creatures
  Edmund (D:5)
  2 water moccasins
  An orc warrior (D:7)
  2 ice beasts
  2 black bears (D:7)
  A sky beast (D:7)
  An ogre (D:7)
  A phantom (D:3)
  An elf zombie (Ossuary)
  A bullfrog (D:7)
  A necrophage (D:4)
  2 scorpions
  3 wights (D:7)
  A howler monkey (D:4)
  An electric eel (D:6)
  4 hounds
  A jelly (D:5)
  An orc priest (D:3)
  10 orc wizards
  3 mummies
  6 adders
  2 ufetubi
  4 worms
  4 dart slugs
  30 orcs
  6 bats
  4 endoplasms (D:1)
  2 giant cockroaches
  A gnoll zombie (Ossuary)
  10 goblins
  7 hobgoblins
  5 jackals
  2 quokkas
  7 ball pythons
  13 frilled lizards
  4 goblin zombies (Ossuary)
  3 hobgoblin zombies (Ossuary)
  7 kobolds
  5 orc zombies (Ossuary)
  4 rats
166 creatures vanquished.

Vanquished Creatures (collateral kills)
  Sigmund (D:2)
  A gnoll (D:1)
2 creatures vanquished.

Grand Total: 168 creatures vanquished

Notes
Turn   | Place    | Note
-------+----------+-------------------------------------------
     0 | D:1      | Cedruin the Demonspawn Gladiator began the quest for the
                  | Orb.
     0 | D:1      | Reached XP level 1. HP: 16/16 MP: 1/1
    97 | D:1      | Reached skill level 3 in Axes
   129 | D:1      | Found a faded altar of an unknown god.
   137 | D:1      | Gained mutation: A weak demonic guardian rushes to your
                  | aid. [demonic ancestry]
   137 | D:1      | Reached XP level 2. HP: 22/22 MP: 2/2
   588 | D:1      | Gained mutation: You are partially covered in large bone
                  | plates. (SH +4) [demonic ancestry]
   588 | D:1      | Reached XP level 3. HP: 26/28 MP: 3/3
  1122 | D:1      | Identified a scroll of acquirement
  1122 | D:1      | Acquired the +0 buckler "Gekhausi" {Rampage +Blink}
  1197 | D:2      | Noticed Sigmund
  1203 | D:2      | Killed Sigmund
  1204 | D:2      | Reached skill level 4 in Axes
  1204 | D:2      | Reached XP level 4. HP: 21/35 MP: 4/4
  1204 | D:2      | Reached XP level 5. HP: 25/41 MP: 5/5
  1405 | D:2      | Identified the +1 leather armour of Tonifix {rElec Str+3
                  | Int+4}
  1658 | D:2      | Got A Beginning Course on Wizardry
  2734 | D:3      | Gained mutation: You are mostly covered in large bone
                  | plates. (SH +6) [demonic ancestry]
  2734 | D:3      | Reached XP level 6. HP: 20/47 MP: 6/6
  2923 | D:3      | Reached skill level 5 in Axes
  3040 | D:3      | Found a faded altar of an unknown god.
  3049 | D:3      | Found a snail-covered altar of Cheibriados.
  3051 | D:3      | Found a shadowy altar of Dithmenos.
  3053 | D:3      | Found an iron altar of Okawaru.
  3170 | D:4      | Found Qasazoh's Jewellery Emporium.
  3451 | D:4      | Found a sand-covered staircase.
  3462 | Ossuary  | Entered an ossuary
  3514 | Ossuary  | Gained mutation: A demonic guardian rushes to your aid.
                  | [demonic ancestry]
  3514 | Ossuary  | Reached XP level 7. HP: 52/54 MP: 7/7
  3889 | D:4      | Reached skill level 6 in Axes
  4188 | D:4      | Found a bloodstained altar of Trog.
  4349 | D:5      | Entered Level 5 of the Dungeon
  4369 | D:5      | Found a staircase to the Ecumenical Temple.
  4381 | Temple   | Entered the Ecumenical Temple
  4649 | D:5      | Found Uzypnaxu's Book Boutique.
  4691 | D:5      | Found a large runed translucent door.
  4691 | D:5      | Found a large runed translucent door.
  4694 | D:5      | Noticed voltaire321's ghost (novice KoSu)
  4774 | D:5      | Reached skill level 5 in Dodging
  4774 | D:5      | Gained mutation: You are completely covered in large bone
                  | plates. (SH +8) [demonic ancestry]
  4774 | D:5      | Reached XP level 8. HP: 61/61 MP: 8/8
  4827 | D:5      | Reached skill level 5 in Fighting
  5246 | D:5      | Noticed Edmund
  5259 | D:5      | Killed Edmund
  5260 | D:5      | Reached skill level 7 in Axes
  6041 | D:6      | Found a sparkling altar of Nemelex Xobeh.
  6073 | D:6      | Became a worshipper of Nemelex Xobeh the Trickster
  6175 | D:6      | Reached skill level 1 in Invocations
  6670 | D:6      | Found Busojieh's Elemental Accessories.
  6899 | D:7      | Reached * piety under Nemelex Xobeh
  7293 | D:7      | Received a gift from Nemelex Xobeh
  7483 | D:7      | Found an ornate altar of the Wu Jian Council.
  7560 | D:7      | Reached XP level 9. HP: 69/69 MP: 11/11
  7602 | D:7      | Reached skill level 8 in Axes
  7711 | D:7      | Received a gift from Nemelex Xobeh
  7721 | D:7      | Reached ** piety under Nemelex Xobeh
  8027 | D:7      | Killed from afar by a steam dragon

Illustrated notes

Levels and vault maps discovered:
D:1:      lightli_arrival_flooded_house, layout_basic,
          chequers_ecumenical_altar_simple_redux, minmay_lizard_pond
D:2:      layout_basic, corexii_corridor_pit, hex_medium, uniq_sigmund
D:3:      layout_rooms, chequers_temple_overflow_minitemple
D:4:      layout_basic, kennysheep_mini_moat, gup_ossuary_entry_pyramid,
          grunt_ministairs_8, nicolae_stop_n_shop_2, kennysheep_flooded_box,
          st_stairs_9
D:5:      layout_basic, minmay_temple_entry_trees, ebering_ghost_disaster_area,
          serial_shops, nicolae_lakefront_shop, bh_walls_and_bars, uniq_edmund
D:6:      layout_cave_pods, nemelex_spade_bored_becter, nicolae_elemental_shop,
          kennysheep_small_spiral
D:7:      lemuel_ice_spiral_2, layout_basic, nzn_wu_jian_council_hall,
          enter_bailey_2, grunt_ministairs_1
Temple:   nicolae_temple_bog_church

Skill      XL: |  1  2  3  4  5  6  7  8  9 |
---------------+----------------------------+-----
Axes           | 3 4 5 6 7 8 |  8.3
Dodging        | 3 4 5 6 |  6.2
Fighting       | 3 4 6 |  6.3
Invocations    | 2 3 |  3.8
Throwing       | |  1.7

Action                   |  1- 3 |  4- 6 |  7- 9 || total
-------------------------+-------+-------+-------++-------
Melee: War axe           |    90 |   169 |   345 ||   604
Throw: Throwing net      |     2 |       |       ||     2
  Use: Scroll            |     5 |     3 |     6 ||    14
 Stab: Sleeping          |       |       |     1 ||     1
Armor: Leather armour    |    24 |    30 |    80 ||   134
       Ring mail         |       |     2 |       ||     2
Dodge: Dodged            |    99 |    79 |   259 ||   437
Block: Other             |    12 |       |       ||    12
       Buckler           |     1 |    70 |   196 ||   267

Table legend: (Time is in decaauts)
 A = Elapsed time spent in this place.
 B = Non-inter-level travel time spent in this place.
 C = Inter-level travel time spent in this place.
 D = Time resting spent in this place.
 E = Time spent auto-exploring this place.
 F = Levels seen in this place.
 G = Mean time per level.
                   A        B        C        D        E       F      G
               +--------+--------+--------+--------+--------+-----+--------+
         Total |   8192 |   7938 |    254 |      0 |   6646 |   9 |  910.2 |
       Dungeon |   7818 |   7582 |    236 |      0 |   6375 |   7 | 1116.9 |
        Temple |    176 |    158 |     18 |      0 |    143 |   1 |  176.0 |
       Ossuary |    198 |    198 |      0 |      0 |    128 |   1 |  198.0 |
               +--------+--------+--------+--------+--------+-----+--------+

Top non-repeatable levels by time:
     D:5: 1485 daAuts
     D:2: 1220 daAuts
     D:1: 1181 daAuts
     D:7: 1145 daAuts
     D:4: 1018 daAuts
     D:6: 926 daAuts
     D:3: 840 daAuts
 Ossuary: 198 daAuts
  Temple: 176 daAuts
